 Dungeon Crawl Stone Soup version 0.28.0-53-g5a82cb258f (webtiles) character file.

Game seed: 7351103858192789460

1097 MisterFreud the Covert (level 8, -8/100 HPs)
             Began as a Gnoll Delver on July 8, 2022.
             Was an Initiate of Yredelemnul.
             Mangled by a wyvern (12 damage)
             ... on level 7 of the Dungeon.
             The game lasted 00:08:13 (6951 turns).

MisterFreud the Covert (Gnoll Delver)               Turns: 6951, Time: 00:08:14

Health: -8/100     AC: 15    Str: 13    XL:     8   Next: 31%
Magic:  12/12      EV: 10    Int: 11    God:    Yredelemnul [......]
Gold:   213        SH:  0    Dex: 13    Spells: 11/13 levels left

rFire   x . .      SeeInvis .   a - +0 short sword
rCold   + + .      Faith    .   (no shield)
rNeg    . . .      Spirit   .   t - +4 ice dragon scales
rPois   .          Reflect  .   (no helmet)
rElec   .          Harm     .   u - +0 cloak
rCorr   .          Rampage  .   (no gloves)
Will    .....                   (no boots)
Stlth   ..........              (no amulet)
HPRegen 0.26/turn               (no ring)
MPRegen 0.13/turn               (no ring)

@: berserking, very quick
A: fangs 1, strong nose, distributed training
a: Renounce Religion, Recall Undead Harvest


You were on level 7 of the Dungeon.
You worshipped Yredelemnul.
Yredelemnul was noncommittal.
You visited 2 branches of the dungeon, and saw 8 of its levels.

You collected 223 gold pieces.
You spent 10 gold pieces at shops.

Inventory:

Hand Weapons
 a - a +0 short sword (weapon)
Armour
 b - a +0 leather armour
 t - +4 ice dragon scales (worn)
 u - a +0 cloak (worn)
Wands
 g - a wand of digging (3)
 h - a wand of iceblast (11)
Scrolls
 c - 3 scrolls of fog
 d - 2 scrolls of magic mapping
 e - 2 scrolls of fear
 m - a scroll of teleportation
 n - 3 scrolls of amnesia
 o - a scroll of blinking
Potions
 i - 2 potions of resistance
 j - a potion of lignification
 p - a potion of mutation
 q - a potion of brilliance
 v - a potion of curing


   Skills:
 + Level 7.3 Fighting
 + Level 5.6 Short Blades
 + Level 3.1 Long Blades
 + Level 3.1 Axes
 + Level 3.1 Maces & Flails
 + Level 3.1 Polearms
 + Level 3.1 Staves
 + Level 3.1 Slings
 + Level 3.1 Bows
 + Level 3.1 Crossbows
 + Level 3.1 Throwing
 + Level 3.1 Armour
 + Level 5.6 Dodging
 + Level 10.1 Stealth
 + Level 3.1 Shields
 + Level 3.1 Unarmed Combat
 + Level 3.1 Spellcasting
 + Level 2.5 Conjurations
 + Level 2.5 Hexes
 + Level 2.5 Summonings
 + Level 2.5 Necromancy
 + Level 2.5 Translocations
 + Level 2.5 Transmutations
 + Level 2.5 Fire Magic
 + Level 2.5 Ice Magic
 + Level 2.5 Air Magic
 + Level 2.5 Earth Magic
 + Level 2.5 Poison Magic
 + Level 3.5 Invocations
 + Level 3.1 Evocations


You had 11 spell levels left.
You knew the following spells:

 Your Spells              Type           Power      Damage    Failure   Level
a - Scorch                Fire           14%        2d6       63%         2

Your spell library contained the following spells:

 Spells                   Type           Power      Damage    Failure   Level
 Beastly Appendage        Tmut           14%        N/A       50%         1
 Magic Dart               Conj           28%        1d4       50%         1
 Call Imp                 Summ           7%         N/A       63%         2
 Wereblood                Tmut           7%         N/A       63%         2
 Mephitic Cloud           Conj/Pois/Air  7%         N/A       86%         3
 Spider Form              Tmut/Pois      7%         N/A       86%         3
 Flame Wave               Conj/Fire      7%         2d5       99%         4
 Summon Cactus Giant      Summ           3%         N/A       100%        6


Dungeon Overview and Level Annotations

Branches:
Dungeon (7/15)             Temple (1/1) D:4

Altars:
Ashenzari
Cheibriados
Dithmenos
Elyvilon
Fedhas
Gozag
Hepliaklqana
Kikubaaqudgha
Makhleb
Nemelex Xobeh
Okawaru
Qazlal
Ru
Trog
Uskayaw
Vehumet
Wu Jian
Xom
Yredelemnul
Zin
The Shining One

Shops:
D:1 *!([*   D:3 (

Annotations:
D:4 2 runed translucent doors, FLACIDUS's ghost, amateur DsEE
D:6 Dowan; Duvessa


Innate Abilities, Weirdness & Mutations

You have very sharp teeth.
Your uncanny sense of smell can sniff out nearby items.
Your experience applies equally to all skills.


Message History

The wyvern is lightly wounded.
The wyvern bites you. x2
You hit the wyvern.
The wyvern is moderately wounded.
The wyvern bites you!
* * * LOW HITPOINT WARNING * * *
You completely miss the wyvern.
The wyvern is moderately wounded.
The wyvern completely misses you.
You closely miss the wyvern.
The wyvern is moderately wounded.
The wyvern closely misses you.
A red film seems to cover your vision as you go berserk!
You feel yourself moving faster!
You feel mighty!
The wyvern bites you but does no damage.
The wyvern bites you.
* * * LOW HITPOINT WARNING * * *
You barely miss the wyvern.
The wyvern is moderately wounded.
The wyvern bites you but does no damage.
You hit the wyvern. You bite the wyvern, but do no damage.
The wyvern is moderately wounded.
You closely miss the wyvern.
The wyvern is moderately wounded.
The wyvern bites you!
* * * LOW HITPOINT WARNING * * *
You puncture the wyvern!
The wyvern is severely wounded.
The wyvern barely misses you.
You barely miss the wyvern. Your bite misses the wyvern.
The wyvern is severely wounded.
The wyvern barely misses you.
You barely miss the wyvern.
The wyvern is severely wounded.
The wyvern bites you but does no damage.
You hit the wyvern.
The wyvern is severely wounded.
The wyvern bites you!
You die...
Your body rises from the dead as a mindless zombie.

### #<#
#.###
#.#..
#.#.#
#.#.#
#.#.#
#§#.#
#§#@#
######.#l#
#........#
#.####.###
#.# ...
...##
#####


You could see a wyvern.

Vanquished Creatures
  A steam dragon (D:7)
  A necrophage (D:5)
  2 phantoms (D:5)
  A scorpion (D:5)
  A water moccasin skeleton (D:6)
  A bullfrog zombie (D:5)
  A jelly (D:5)
  A hound (D:6)
  A bullfrog skeleton (D:4)
  2 iguanas
  An orc wizard (D:3)
  A hound zombie (D:5)
  2 adders
  A shadow imp (D:6)
  An ufetubus (D:5)
  2 worms
  6 orcs
  4 ball pythons
  7 endoplasms
  7 giant cockroaches
  5 goblins
  8 hobgoblins
  3 jackals (D:1)
  3 quokkas
  4 bats
  3 frilled lizards (D:1)
  6 kobolds
  3 rats
79 creatures vanquished.

Vanquished Creatures (collateral kills)
  A sky beast (D:6)
  A necrophage (D:6)
  An ogre (D:6)
  An iguana (D:6)
  A dart slug (D:1)
  An orc (D:6)
  A kobold (D:1)
  A rat (D:1)
8 creatures vanquished.

Vanquished Creatures (others)
  An ogre zombie (D:6)
  A necrophage zombie (D:6)
  A steam dragon zombie (D:7)
  A spectral shadow imp (D:6)
  2 bat zombies
  5 orc zombies
  A spectral endoplasm (D:3)
12 creatures vanquished.

Grand Total: 99 creatures vanquished

Notes
Turn   | Place    | Note
-------+----------+-------------------------------------------
     0 | D:5      | Reached skill level 9 in Stealth
     0 | D:5      | MisterFreud the Gnoll Delver began the quest for the Orb.
     0 | D:5      | Reached XP level 1. HP: 23/23 MP: 1/1
     1 | D:6      | Noticed Dowan
     1 | D:6      | Noticed a hound
     2 | D:6      | Noticed Duvessa
    15 | D:6      | HP: 1/23 [water moccasin skeleton (2)]
   348 | D:4      | Found a staircase to the Ecumenical Temple.
   364 | Temple   | Entered the Ecumenical Temple
   773 | Temple   | Became a worshipper of Yredelemnul the Dark
   809 | D:4      | Found a runed translucent door.
   810 | D:4      | Noticed FLACIDUS's ghost (amateur DsEE)
   830 | D:4      | Reached XP level 2. HP: 18/29 MP: 2/2
   830 | D:4      | Reached XP level 3. HP: 22/35 MP: 3/3
  1064 | D:4      | Found a runed translucent door.
  1073 | D:4      | Reached * piety under Yredelemnul
  1074 | D:4      | Reached skill level 1 in Long Blades
  1074 | D:4      | Reached skill level 1 in Axes
  1074 | D:4      | Reached skill level 1 in Maces & Flails
  1074 | D:4      | Reached skill level 1 in Polearms
  1074 | D:4      | Reached skill level 1 in Staves
  1074 | D:4      | Reached skill level 1 in Slings
  1074 | D:4      | Reached skill level 1 in Bows
  1074 | D:4      | Reached skill level 1 in Crossbows
  1074 | D:4      | Reached skill level 1 in Throwing
  1074 | D:4      | Reached skill level 1 in Armour
  1074 | D:4      | Reached skill level 1 in Shields
  1074 | D:4      | Reached skill level 1 in Unarmed Combat
  1074 | D:4      | Reached skill level 1 in Spellcasting
  1074 | D:4      | Reached skill level 1 in Invocations
  1074 | D:4      | Reached skill level 1 in Evocations
  1081 | D:4      | Reached XP level 4. HP: 39/41 MP: 5/5
  1204 | D:1      | Found Josebopt's Weapon Emporium.
  1492 | D:1      | Found Mackeusu's Antique Armour Shoppe.
  1506 | D:1      | Found a faded altar of an unknown god.
  1556 | D:1      | Reached skill level 1 in Conjurations
  1556 | D:1      | Reached skill level 1 in Hexes
  1556 | D:1      | Reached skill level 1 in Summonings
  1556 | D:1      | Reached skill level 1 in Necromancy
  1556 | D:1      | Reached skill level 1 in Translocations
  1556 | D:1      | Reached skill level 1 in Transmutations
  1556 | D:1      | Reached skill level 1 in Fire Magic
  1556 | D:1      | Reached skill level 1 in Ice Magic
  1556 | D:1      | Reached skill level 1 in Air Magic
  1556 | D:1      | Reached skill level 1 in Earth Magic
  1556 | D:1      | Reached skill level 1 in Poison Magic
  1575 | D:1      | Found Huamm's General Store.
  1594 | D:1      | Found Gajinics's Distillery.
  1603 | D:1      | Bought a potion of degeneration for 10 gold pieces
  1649 | D:1      | Reached ** piety under Yredelemnul
  1780 | D:1      | Found Jaosiece's General Store.
  3021 | D:3      | Reached XP level 5. HP: 47/47 MP: 5/7
  3228 | D:3      | Found Nuculits's Antique Weapon Shoppe.
  3606 | D:2      | Learned a level 2 spell: Scorch
  4462 | D:5      | Reached XP level 6. HP: 39/53 MP: 8/8
  4620 | D:5      | Reached skill level 5 in Short Blades
  4620 | D:5      | Reached skill level 5 in Dodging
  5264 | D:5      | Reached XP level 7. HP: 16/59 MP: 10/10
  6189 | D:6      | Reached skill level 10 in Stealth
  6314 | D:6      | Reached XP level 8. HP: 52/67 MP: 12/12
  6930 | D:7      | Noticed a wyvern
  6947 | D:7      | HP: 4/100 [wyvern (12)]
  6951 | D:7      | Mangled by a wyvern

Illustrated notes

Levels and vault maps discovered:
D:1:      scummos_arrival_checkerplants, layout_basic,
          hellmonk_ecumenical_altar_blasted, serial_shops, shop,
          nicolae_shop_stone, nicolae_shop_waterfront, shop, shop
D:2:      layout_basic
D:3:      layout_basic, serial_shops, shop_statue, hex_intersection
D:4:      layout_rooms, minmay_temple_entry_grid, ebering_ghost_sewer_f
D:5:      layout_loops_corners
D:6:      layout_basic, uniq_duvessa
D:7:      layout_basic, lemuel_doored_altar, the_hattery
Temple:   mainiacjoe_temple_trianglar_array

Skill      XL: |  1  2  3  4  5  6  7  8 |
---------------+-------------------------+-----
Stealth        | 10 | 10.1
Long Blades    | 1 2 3 |  3.1
Axes           | 1 2 3 |  3.1
Maces & Flails | 1 2 3 |  3.1
Polearms       | 1 2 3 |  3.1
Staves         | 1 2 3 |  3.1
Slings         | 1 2 3 |  3.1
Bows           | 1 2 3 |  3.1
Crossbows      | 1 2 3 |  3.1
Throwing       | 1 2 3 |  3.1
Armour         | 1 2 3 |  3.1
Shields        | 1 2 3 |  3.1
Unarmed Combat | 1 2 3 |  3.1
Spellcasting   | 1 2 3 |  3.1
Invocations    | 1 2 3 |  3.5
Evocations     | 1 2 3 |  3.1
Conjurations   | 1 2 |  2.5
Hexes          | 1 2 |  2.5
Summonings     | 1 2 |  2.5
Necromancy     | 1 2 |  2.5
Translocations | 1 2 |  2.5
Transmutations | 1 2 |  2.5
Fire Magic     | 1 2 |  2.5
Ice Magic      | 1 2 |  2.5
Air Magic      | 1 2 |  2.5
Earth Magic    | 1 2 |  2.5
Poison Magic   | 1 2 |  2.5
Short Blades   | 5 |  5.6
Dodging        | 5 |  5.6
Fighting       | 7 |  7.3

Action                   |  1- 3 |  4- 6 |  7- 9 || total
-------------------------+-------+-------+-------++-------
Melee: Short sword       |    19 |   232 |   165 ||   416
       Bite              |     3 |    20 |    23 ||    46
       Punch             |       |     2 |     3 ||     5
 Cast: Scorch            |       |     2 |       ||     2
Invok: Recall Undead Har |       |       |     1 ||     1
  Use: Scroll            |       |       |    15 ||    15
       Potion            |       |       |     3 ||     3
 Stab: Sleeping          |     2 |    27 |       ||    29
       Distracted        |       |     1 |     2 ||     3
Armor: Leather armour    |     3 |    22 |       ||    25
       Ice dragon scales |       |    27 |    64 ||    91
Dodge: Dodged            |    10 |   113 |    62 ||   185
